 Dungeon Crawl Stone Soup version 0.30-a0-743-gbfdf073 (webtiles) character file.

Game seed: 15623595984973838252

91050 malesh the Earth Mage (level 16, -15/93 HPs)
             Began as a Gargoyle Earth Elementalist on Feb 5, 2023.
             Was a High Priest of Vehumet.
             Demolished by a radroach (38 damage)
             ... on level 3 of the Lair of Beasts on Feb 6, 2023.
             The game lasted 01:44:48 (27536 turns).

malesh the Earth Mage (GrEE)                       Turns: 27536, Time: 01:44:49

Health: -15/93     AC: 26    Str: 12    XL:     16   Next: 2%
Magic:  25/44      EV: 20    Int: 24    God:    Vehumet [*****.]
Gold:   180        SH:  5    Dex: 13    Spells: 2/46 levels left

rFire   . . .      SeeInvis .    e - +1 demon whip (venom)
rCold   . . .      Faith    .    P - +0 buckler {rPois}
rNeg    + . .      Spirit   .    M - +0 steam dragon scales
rPois   ∞          Reflect  .    E - +2 hat
rElec   +          Harm     .    q - +0 cloak
rCorr   .          Rampage  .    s - +0 pair of gloves
Will    +++..                    C - +4 pair of boots of the Pit {+Blink Will+}
Stlth   ++                       N - amulet of Eripemae {Regen+ MP+9}
HPRegen 1.15/turn                B - +5 ring of evasion
MPRegen 0.29/turn                H - ring "Xozaer" {Will+ Dex+3 Slay+3}

@: flying, very slightly contaminated
A: sickness immunity, AC +12, big wings, negative energy resistance 1,
electricity resistance, torment resistance 1, petrification resistance
a: Renounce Religion, Evoke Blink


You were on level 3 of the Lair of Beasts.
You worshipped Vehumet.
Vehumet was extremely pleased with you.
You visited 5 branches of the dungeon, and saw 24 of its levels.

You collected 2128 gold pieces.
You spent 1948 gold pieces at shops.

Inventory:

Hand Weapons
 a - a +4 dagger of electrocution
 b - a +5 dagger of venom
 e - a +1 demon whip of venom (weapon)
 y - a +3 scimitar of flaming
Missiles
 n - 5 throwing nets
Armour
 q - a +0 cloak (worn)
 s - a +0 pair of gloves (worn)
 C - the +4 pair of boots of the Pit (worn) {+Blink Will+}
   (You acquired it on level 7 of the Dungeon)

   +Blink:    It lets you blink.
   Will:      It increases your willpower.
 E - a +2 hat (worn)
 M - +0 steam dragon scales (worn)
 P - a +0 buckler of poison resistance (worn)
Jewellery
 B - a +5 ring of evasion (left hand)
 H - the ring "Xozaer" (right hand) {Will+ Dex+3 Slay+3}
   (You bought it in a shop on level 1 of the Orcish Mines)

   [ring of willpower]

   Dex:       It affects your dexterity (+3).
   Slay:      It affects your accuracy & damage with ranged weapons and melee
   (+3).
   Will:      It increases your willpower.
 N - the amulet of Eripemae (around neck) {Regen+ MP+9}
   (You acquired it on level 5 of the Lair of Beasts)

   [amulet of regeneration]

   MP:        It affects your magic capacity (+9).
   Regen:     It increases your rate of health regeneration.
Wands
 w - a wand of digging (5)
 D - a wand of roots (14)
 J - a wand of flame (10)
Scrolls
 f - 3 scrolls of enchant weapon
 g - 4 scrolls of fear
 i - 4 scrolls of poison
 j - a scroll of butterflies
 k - 4 scrolls of blinking
 z - 8 scrolls of teleportation
 A - 2 scrolls of vulnerability
 F - 2 scrolls of immolation
 T - 2 scrolls of fog
Potions
 c - 3 potions of invisibility
 d - 21 potions of curing
 h - 3 potions of might
 p - 7 potions of heal wounds
 r - a potion of resistance
 x - 2 potions of haste
 G - 2 potions of magic
 Q - a potion of cancellation


   Skills:
 + Level 8.1 Fighting
 - Level 5.6 Short Blades
 * Level 0.0(0.2) Maces & Flails
 - Level 0.6 Staves
 + Level 7.9 Dodging
 - Level 3.0 Stealth
 - Level 3.4 Shields
 * Level 15.8 Spellcasting
 + Level 7.8 Conjurations
 - Level 2.0 Transmutations
 - Level 1.4 Fire Magic
 - Level 1.7 Air Magic
 * Level 18.7 Earth Magic
 - Level 2.3 Poison Magic


You had 2 spell levels left.
You knew the following spells:

 Your Spells              Type           Power      Damage    Failure   Level
a - Sandblast             Erth           100%       2d20      0%          1
b - Passwall              Tmut/Erth      51%        N/A       1%          2
c - Stone Arrow           Conj/Erth      100%       3d13      1%          3
d - Petrify               Tmut/Erth      62%        N/A       1%          4
e - Sticky Flame          Conj/Fire      41%        2d6       1%          4
f - Mephitic Cloud        Conj/Pois/Air  38%        N/A       1%          3
g - Borgnjor's Vile Clut  Necr/Erth      29%        N/A       2%          5
h - Ignite Poison         Fire/Tmut/Pois 28%        N/A       1%          3
i - Iron Shot             Conj/Erth      35%        9d7       1%          6
r - Lee's Rapid Deconstr  Erth           41%        3d20*     1%          5
s - Lehudib's Crystal Sp  Conj/Erth      35%        10d9      26%         8

Your spell library contained the following spells:

 Spells                   Type           Power      Damage    Failure   Level
 Starburst                Conj/Fire      20%        6d7       22%         6
 Freeze                   Ice            76%        1d8       1%          1
 Apportation              Tloc           38%        N/A       3%          1
 Hailstorm                Conj/Ice       37%        3d9       1%          3
 Animate Armour           Summ/Erth      100%       N/A       1%          4
 Flame Wave               Conj/Fire      41%        2d11      1%          4
 Leda's Liquefaction      Hex/Erth       29%        N/A       1%          4
 Inner Flame              Hex/Fire       22%        N/A       2%          3
 Frozen Ramparts          Ice            38%        1d6       3%          3
 Summon Ice Beast         Ice/Summ       19%        N/A       36%         4
 Alistair's Intoxication  Tmut/Pois      19%        N/A       41%         5
 Blade Hands              Tmut           14%        N/A       43%         5
 Eringya's Noxious Bog    Tmut/Pois      14%        N/A       50%         6
 Summon Mana Viper        Hex/Summ       19%        N/A       71%         5
 Monstrous Menagerie      Summ           9%         N/A       100%        7
 Statue Form              Tmut/Erth      Unusable   N/A       N/A         6

Dungeon Overview and Level Annotations

Branches:
Dungeon (15/15)            Temple (1/1) D:6            Lair (5/5) D:9
  Swamp (0/4) Lair:3       Spider (1/4) Lair:3        Slime (0/5) Lair:5
    Orc (2/2) D:11            Elf (0/3) Orc:2        Vaults (0/5) D:14
 Depths (0/4) D:15

Altars:
Ashenzari
Cheibriados
Dithmenos
Elyvilon
Fedhas
Gozag
Hepliaklqana
Kikubaaqudgha
Makhleb
Nemelex Xobeh
Okawaru
Qazlal
Ru
Sif Muna
Trog
Uskayaw
Vehumet
Wu Jian
Xom
Yredelemnul
Zin
The Shining One
Jiyva

Shops:
D:1 ![:*:   D:3 *   D:6 [   D:7 !   D:11 *   D:13 (   Orc:1 *[*:=
Orc:2 **[([[

Annotations:
D:3 1 runed translucent door
D:14 3 runed translucent doors
Orc:1 1 transporter


Innate Abilities, Weirdness & Mutations

You are immune to sickness and miasma.
Your stone body is resilient. (AC +12)
You are immune to poison.
Your large and strong wings let you fly.
You resist negative energy. (rN+)
You are resistant to electric shocks. (rElec)
You are resistant to unholy torment.
You are immune to petrification.


Message History

The wolf spider completely misses you. The demonic crawler closely misses you.
The demonic crawler hits you but does no damage.
The demonic crawler completely misses you.
The wolf spider completely misses you.
The wolf spider bites you but does no damage.
You block the radroach's attack. The radroach misses you.
Casting: Sticky Flame (mildly dangerous; 1% risk of failure)
Confirm with . or Enter, or press ? or * to list all spells.
Aiming: Iron Shot (dangerous; 1% risk of failure)
Press: ? - help, Shift-Dir - straight line, f/p - radroach
Aim: a radroach (lightly wounded, covered in liquid flames, 94% to hit)
The iron shot hits the radroach!!
The radroach is heavily wounded.
The wolf spider burns!
The radroach burns!
You block the demonic crawler's attack. The demonic crawler barely misses you.
The demonic crawler hits you but does no damage.
You block the wolf spider's attack. The wolf spider closely misses you.
The radroach erupts in a fountain of uncontrolled magic!
You are blasted with magical radiation!!!
* * * LOW HITPOINT WARNING * * *
You are very lightly contaminated with residual magic.
Casting: Iron Shot (dangerous; 1% risk of failure)
Confirm with . or Enter, or press ? or * to list all spells.
Aiming: Iron Shot (dangerous; 1% risk of failure)
Press: ? - help, Shift-Dir - straight line, f/p - radroach
Aim: a radroach (heavily wounded, covered in liquid flames, 94% to hit)
The iron shot hits the radroach!!
The radroach is almost dead.
The wolf spider burns!
The radroach burns!
The wolf spider barely misses you.
The wolf spider bites you but does no damage.
You block the demonic crawler's attack. The demonic crawler hits you.
* * * LOW HITPOINT WARNING * * *
The demonic crawler closely misses you.
The wolf spider hits you but does no damage.
The wolf spider bites you but does no damage.
You block the demonic crawler's attack. The demonic crawler barely misses you.
The demonic crawler closely misses you.
The radroach erupts in a fountain of uncontrolled magic!
You are blasted with magical radiation!!!
You die...

##..#...########...# #..
###.#..#### ###.#...## #..
#.#.#.#.#.###P.......## ##.#
##.......#............#######...
##.........##....#...##...#....
##.........###...##.#..........
#......(...#.....##......#.#...
#............s.s.#..#.##.###...
##............@.......#### #...
#..........#..B.##....# ####
##.........#.....##.#.# #.
#......#.###....##..## ##.
##...##...##.......P# #..
###..##.............# #..
#......#...#...#..P#########.#
##P..P.....+..##.####.#...##.#
#...#...#.##......>[.....#...


You could see a radroach (burning), a demonic crawler and a wolf spider
(burning).

Vanquished Creatures
  Rupert (D:12)
  A very ugly thing (D:15)
  Azrael (D:15)
  Josephine (Orc:1)
  8 hydras
  Harold (D:9)
  A rakshasa (D:15)
  An ogre mage (D:15)
  A radroach (Lair:3)
  10 centaur warriors
  3 boulder beetles
  4 catoblepae
  13 two-headed ogres
  6 death yaks
  Amaemon (D:8)
  A glowing orange brain (D:15)
  Pikel (D:4)
  6 orc knights
  3 deep elf pyromancers
  6 ugly things
  A lindwurm (D:14)
  A wolf spider (Lair:3)
  4 manticores
  A necromancer (Lair:5)
  2 orc sorcerers
  6 cyclopes
  9 elephants
  Maggie (D:9)
  2 black mambas
  A torpor snail (Lair:1)
  2 demonic crawlers (Lair:3)
  5 cane toads
  An orange demon (D:8)
  A gargoyle (D:12)
  2 unseen horrors (D:10)
  3 rime drakes
  A kobold demonologist (D:11)
  An efreet (D:15)
  7 komodo dragons
  2 freezing wraiths
  2 tengu conjurers (D:15)
  3 meliai (D:15)
  11 trolls
  4 polar bears
  A hornet (D:9)
  7 blink frogs
  Grinder (D:5)
  3 tarantellas (Lair:3)
  A dream sheep (shapeshifter) (D:15)
  13 slime creatures
  A culicivora (Lair:3)
  4 shadows
  66 yaks
  5 wraiths
  2 fire elementals (D:15)
  5 wyverns
  5 vampire mosquitoes
  2 basilisks
  A steam dragon (D:9)
  2 redbacks (Lair:3)
  Edmund (D:5)
  4 wargs
  2 acid dragons
  3 hell hounds (D:15)
  10 water moccasins
  27 orc warriors
  5 black bears
  A sky beast (D:8)
  7 ogres
  8 wolves
  23 centaurs
  2 phantoms
  A kobold brigand (D:8)
  Blork the orc (D:5)
  2 gnoll sergeants
  14 bullfrogs
  5 scorpions
  10 wights
  8 killer bees
  4 howler monkeys
  3 electric eels
  3 hounds
  3 gnoll boudas
  6 jellies
  17 orc priests
  Crazy Yiuf (D:3)
  4 iguanas
  17 orc wizards
  2 yak simulacra (Lair:5)
  4 wolf simulacra (Lair:5)
  4 polar bear simulacra (Lair:5)
  21 gnolls
  11 adders
  3 white imps
  An ufetubus (D:6)
  6 worms
  4 dart slugs
  58 orcs
  10 endoplasms
  9 giant cockroaches
  15 goblins
  11 hobgoblins
  6 jackals
  12 kobolds
  6 quokkas
  5 ball pythons
  6 bats
  5 frilled lizards
  3 rats
  A river rat simulacrum (Lair:5)
657 creatures vanquished.

Vanquished Creatures (others)
  26 fungi
  60 plants
86 creatures vanquished.

Grand Total: 743 creatures vanquished

Notes
Turn   | Place    | Note
-------+----------+-------------------------------------------
     0 | D:1      | malesh the Gargoyle Earth Elementalist began the quest for
                  | the Orb.
     0 | D:1      | Reached XP level 1. HP: 10/10 MP: 3/3
    30 | D:1      | Found Bithir's Book Shop.
   151 | D:1      | Found Jysepo's Assorted Antiques.
   240 | D:1      | Reached skill level 4 in Earth Magic
   240 | D:1      | Reached XP level 2. HP: 15/15 MP: 3/5
   418 | D:1      | Reached XP level 3. HP: 19/19 MP: 0/6
   591 | D:1      | Found Surhonuw's Antique Armour Shoppe.
   671 | D:1      | Found Cessitsi's Distillery.
   678 | D:1      | Bought 2 potions of degeneration for 24 gold pieces
   725 | D:1      | Learned a level 2 spell: Passwall
   733 | D:1      | Found Lenyober's Book Shop.
   738 | D:1      | Learned a level 3 spell: Stone Arrow
  1261 | D:2      | You fall into a shaft and drop 1 floor!
  1278 | D:3      | Reached XP level 4. HP: 22/24 MP: 8/8
  1314 | D:3      | Reached skill level 5 in Earth Magic
  1511 | D:3      | Found a runed translucent door.
  1511 | D:3      | Noticed a human
  1515 | D:3      | Found a basalt altar of Yredelemnul.
  1636 | D:2      | Reached XP level 5. HP: 28/28 MP: 7/9
  1951 | D:2      | Learned a level 4 spell: Petrify
  2298 | D:3      | Found Iciah's Assorted Antiques.
  2331 | D:3      | Bought a pair of gloves for 108 gold pieces
  2695 | D:3      | Found a runed translucent door.
  2696 | D:3      | Noticed Crazy Yiuf
  2811 | D:3      | Killed Crazy Yiuf
  3127 | D:4      | Reached XP level 6. HP: 12/32 MP: 3/11
  3424 | D:4      | Reached skill level 6 in Earth Magic
  3600 | D:4      | Found an iron altar of Okawaru.
  4117 | D:5      | Entered Level 5 of the Dungeon
  4183 | D:5      | Noticed Pikel
  4185 | D:5      | Noticed Edmund
  4199 | D:4      | Killed Pikel
  4200 | D:4      | Reached skill level 5 in Spellcasting
  4200 | D:4      | Reached skill level 7 in Earth Magic
  4200 | D:4      | Reached XP level 7. HP: 17/36 MP: 11/15
  4200 | D:4      | Reached XP level 8. HP: 20/41 MP: 11/16
  4368 | D:5      | Noticed Grinder
  4369 | D:5      | Found an ornate altar of the Wu Jian Council.
  4374 | D:5      | Killed Grinder
  4375 | D:5      | Reached skill level 8 in Earth Magic
  4739 | D:5      | Noticed Blork the orc
  4743 | D:5      | Killed Blork the orc
  4744 | D:5      | Reached skill level 1 in Conjurations
  4812 | D:5      | Reached skill level 1 in Fighting
  4886 | D:5      | Reached skill level 9 in Earth Magic
  5105 | D:5      | Killed Edmund
  5106 | D:5      | Reached XP level 9. HP: 37/47 MP: 7/19
  5744 | D:6      | Found a staircase to the Ecumenical Temple.
  5765 | Temple   | Entered the Ecumenical Temple
  6052 | Temple   | Became a worshipper of Vehumet
  6608 | D:5      | Reached skill level 10 in Earth Magic
  6784 | D:6      | Found Rec Woh's Antique Armour Shoppe.
  6934 | D:6      | Reached XP level 10. HP: 52/52 MP: 18/23
  7582 | D:7      | Found Qisyedda's Distillery.
  7590 | D:7      | Reached skill level 11 in Earth Magic
  7631 | D:7      | Bought a potion of heal wounds for 65 gold pieces
  7631 | D:7      | Bought a potion of brilliance for 52 gold pieces
  7682 | D:7      | Reached * piety under Vehumet
  7682 | D:7      | Offered knowledge of Kiss of Death by Vehumet.
  8042 | D:7      | Identified a scroll of acquirement
  8075 | D:7      | Acquired the +4 pair of boots of the Pit {+Blink Will+}
  8308 | D:8      | Noticed Amaemon
  8308 | D:8      | Noticed an orange demon
  8481 | D:8      | Found an ancient bone altar of Kikubaaqudgha.
  8481 | D:8      | Found a hide-covered altar of Uskayaw.
  8489 | D:8      | Found a hazy altar of Hepliaklqana.
  8491 | D:8      | Found a broken altar of Ashenzari.
  8493 | D:8      | Found a glowing golden altar of the Shining One.
  8559 | D:8      | Killed Amaemon
  8562 | D:8      | Killed an orange demon
  8563 | D:8      | Reached skill level 10 in Spellcasting
  8563 | D:8      | Reached skill level 12 in Earth Magic
  8763 | D:8      | Reached skill level 1 in Transmutations
  8954 | D:8      | Offered knowledge of Magic Dart by Vehumet.
  8956 | D:8      | Reached ** piety under Vehumet
  9537 | D:9      | Noticed Harold
  9546 | D:9      | Killed Harold
  9547 | D:9      | Reached XP level 11. HP: 45/58 MP: 11/25
  9765 | D:9      | Noticed a two-headed ogre
  9773 | D:10     | Entered Level 10 of the Dungeon
  9862 | D:10     | Found a snail-covered altar of Cheibriados.
 10078 | D:10     | Noticed a two-headed ogre
 10082 | D:10     | Killed a two-headed ogre
 10163 | D:10     | Reached skill level 13 in Earth Magic
 10192 | D:10     | Noticed a centaur warrior
 10197 | D:10     | Noticed a four-headed hydra
 10218 | D:10     | Killed a centaur warrior
 10224 | D:10     | Killed a four-headed hydra
 10508 | D:9      | Noticed Maggie
 10530 | D:9      | Killed Maggie
 10642 | D:10     | Learned a level 8 spell: Lehudib's Crystal Spear
 10644 | D:10     | Noticed a boulder beetle
 10830 | D:9      | Offered knowledge of Mephitic Cloud by Vehumet.
 11051 | D:9      | Found a staircase to the Lair.
 11092 | D:9      | Reached *** piety under Vehumet
 11625 | D:10     | Noticed a boulder beetle
 11630 | D:10     | Killed a boulder beetle
 11631 | D:10     | Reached skill level 5 in Dodging
 11709 | D:10     | Noticed a centaur warrior
 11712 | D:10     | Killed a centaur warrior
 11713 | D:10     | Reached skill level 5 in Conjurations
 11713 | D:10     | Reached XP level 12. HP: 60/67 MP: 22/27
 11832 | D:10     | Noticed a two-headed ogre
 11833 | D:10     | Noticed a two-headed ogre
 11836 | D:10     | Killed a two-headed ogre
 11837 | D:10     | Reached skill level 14 in Earth Magic
 12015 | D:10     | Killed a boulder beetle
 12167 | D:10     | Killed a two-headed ogre
 12437 | D:11     | Learned a level 3 spell: Mephitic Cloud
 12536 | D:11     | Offered knowledge of Sticky Flame by Vehumet.
 12844 | D:11     | Found Merin's Sacrilege Store.
 12849 | D:11     | Reached skill level 5 in Fighting
 12849 | D:11     | Reached skill level 1 in Short Blades
 13037 | D:1      | Bought a glowing buckler for 195 gold pieces
 13194 | Lair:1   | Entered Level 1 of the Lair of Beasts
 13289 | Lair:1   | Reached **** piety under Vehumet
 13464 | Lair:1   | Noticed a death yak
 13465 | Lair:1   | Noticed a death yak
 13496 | Lair:1   | Killed a death yak
 13745 | Lair:1   | Killed a death yak
 13746 | Lair:1   | Reached skill level 15 in Earth Magic
 13769 | Lair:1   | Learned a level 4 spell: Sticky Flame
 14382 | Lair:1   | Offered knowledge of Fulminant Prism by Vehumet.
 14383 | Lair:1   | Reached skill level 1 in Air Magic
 14596 | Lair:2   | Reached skill level 1 in Poison Magic
 14616 | Lair:2   | Reached XP level 13. HP: 65/72 MP: 23/29
 14624 | Lair:2   | Reached skill level 1 in Shields
 14716 | Lair:2   | Identified the +1 dire flail "Earthworm" {heavy, Fly rCorr
                  | Str-4 SInv}
 14749 | Lair:2   | Reached skill level 1 in Fire Magic
 15558 | Lair:3   | Found a staircase to the Swamp.
 15909 | Lair:3   | Found a hole to the Spider Nest.
 15914 | Lair:3   | Reached ***** piety under Vehumet
 15924 | Lair:3   | Offered knowledge of Iron Shot by Vehumet.
 15932 | Lair:3   | Learned a level 6 spell: Iron Shot
 16208 | Lair:3   | Reached skill level 16 in Earth Magic
 17324 | Lair:4   | Acquired a book of the Earth
 17332 | Lair:4   | Learned a level 5 spell: Lee's Rapid Deconstruction
 17633 | Lair:5   | Entered Level 5 of the Lair of Beasts
 17715 | Lair:5   | Found a gate leading to a gauntlet.
 17748 | Lair:5   | Found a staircase to the Slime Pits.
 18088 | Lair:5   | Found a viscous altar of Jiyva.
 18148 | Lair:5   | Gained mutation: Your large and strong wings let you fly.
                  | [Gargoyle growth]
 18148 | Lair:5   | Reached XP level 14. HP: 78/78 MP: 30/32
 18378 | Lair:5   | Acquired the amulet of Eripemae {Regen+ MP+9}
 19648 | D:1      | Bought Great Wizards, Vol. II for 532 gold pieces
 19654 | D:1      | Learned a level 5 spell: Borgnjor's Vile Clutch
 19818 | D:9      | Reached skill level 17 in Earth Magic
 20147 | D:11     | Found the +18 Lear's hauberk
 20196 | D:11     | Found a staircase to the Orcish Mines.
 20663 | D:12     | Noticed Rupert
 20679 | D:12     | Killed Rupert
 21373 | D:13     | Found Kowerah's Weapon Shoppe.
 21574 | D:13     | Offered knowledge of Irradiate by Vehumet.
 21999 | D:13     | Reached skill level 15 in Spellcasting
 22562 | D:14     | Found a runed translucent gate.
 22563 | D:14     | Found a runed translucent gate.
 22563 | D:14     | Found a runed translucent gate.
 22700 | D:14     | Reached XP level 15. HP: 85/85 MP: 32/34
 23325 | D:14     | Found a gate to the Vaults.
 23444 | D:15     | Entered Level 15 of the Dungeon
 23487 | D:15     | Found a bloodstained altar of Trog.
 23607 | D:15     | Noticed Azrael
 23621 | D:15     | Killed Azrael
 23920 | D:15     | Reached skill level 18 in Earth Magic
 24649 | D:15     | Reached skill level 5 in Short Blades
 24869 | D:15     | Found a staircase to the Depths.
 25070 | Orc:1    | Entered Level 1 of the Orcish Mines
 25071 | Orc:1    | Offered knowledge of Starburst by Vehumet.
 25297 | Orc:1    | Found Koylib's General Store.
 25305 | Orc:1    | Bought a scroll of identify for 22 gold pieces
 25305 | Orc:1    | Bought a potion of curing for 33 gold pieces
 25317 | Orc:1    | Found Watehiv's Antique Armour Boutique.
 25319 | Orc:1    | Found Vaklih's Assorted Antiques.
 25369 | Orc:1    | Noticed Josephine
 25388 | Orc:1    | Killed Josephine
 25420 | Orc:1    | Bought a bound bone ring for 110 gold pieces
 25420 | Orc:1    | Identified the ring "Xozaer" {Will+ Dex+3 Slay+3} (You
                  | bought it in a shop on level 1 of the Orcish Mines)
 25420 | Orc:1    | Bought a scroll of enchant weapon for 165 gold pieces
 25420 | Orc:1    | Bought a scroll of teleportation for 66 gold pieces
 25505 | Orc:1    | Found Nejoquipn's Book Shoppe.
 25510 | Orc:1    | Found a transporter.
 25514 | Orc:1    | Bought the Vellum of Transmuted Battling for 216 gold
                  | pieces
 25518 | Orc:1    | Learned a level 3 spell: Ignite Poison
 25518 | Orc:1    | Found Zuneff's Jewellery Emporium.
 25828 | Orc:2    | Entered Level 2 of the Orcish Mines
 25828 | Orc:2    | Found a staircase to the Elven Halls.
 26019 | Orc:2    | Found Lull's Specific Store.
 26048 | Orc:2    | Found Lumar's General Store.
 26062 | Orc:2    | Bought a scroll of blinking for 135 gold pieces
 26062 | Orc:2    | Bought a potion of heal wounds for 90 gold pieces
 26062 | Orc:2    | Bought a scroll of blinking for 135 gold pieces
 26712 | Orc:2    | Found Kusothulu's Antique Armour Shoppe.
 26712 | Orc:2    | Found Atovun's Antique Weapon Shop.
 26712 | Orc:2    | Found Jokhluxio's Armour Boutique.
 26715 | Orc:2    | Found Humax's Armour Emporium.
 26982 | Spider:1 | Entered Level 1 of the Spider Nest
 27209 | Lair:3   | Reached XP level 16. HP: 47/93 MP: 27/35
 27536 | Lair:3   | Demolished by a radroach

Illustrated notes

Levels and vault maps discovered:
D:1:      amcnicky_arrival_double_pillar, layout_loops_cross, serial_shops,
          shop, shop, nicolae_shop_trees, nicolae_shop_hallway_plus,
          nicolae_shop_stone
D:2:      layout_loops_ring
D:3:      cheibrodos_pilgrimage, layout_basic, dk_yredelemnul_ordeal,
          serial_shops, nicolae_shop_overgrown_old_shop, minmay_between,
          uniq_crazy_yiuf_cottage
D:4:      layout_basic, okawaru_ov_weapons_minmay, minmay_misc_feat_roman,
          minmay_fountain_box, minmay_mini_jars
D:5:      layout_loops_ring, nicolae_wu_jian_wuxing_cycle,
          chequers_serial_rivers_room_a, uniq_grinder, uniq_blork_the_orc,
          uniq_edmund, uniq_pikel
D:6:      layout_layer_cave, temple_hall, serial_shops, shop_statue,
          grunt_ministairs_7
D:7:      layout_cave_pools, serial_shops, shop_statue, corexii_leaking_fountain
D:8:      wad_woods_pond, layout_basic, chequers_temple_overflow_minitemple,
          uniq_amaemon
D:9:      layout_big_octagon, david_lair_generic, uniq_maggie, uniq_harold
D:10:     nzn_winding_woodlands_medium [nzn_winding_woodlands_hourglass,
          nzn_winding_woodlands_5x15_jagged, nzn_winding_woodlands_5x5_default,
          nzn_winding_woodlands_5x5_three,
          nzn_winding_woodlands_center_triple_pond,
          nzn_winding_woodlands_5x5_checkerboard,
          nzn_winding_woodlands_5x5_perimeter,
          nzn_winding_woodlands_5x15_longhouse,
          nzn_winding_woodlands_5x5_default], layout_rooms,
          mainiacjoe_overflow_cross_hatched
D:11:     layout_stronghold, erik_orc_4, hellmonk_bongcloud_opening,
          nicolae_evil_shop
D:12:     layout_grid_maze, corexii_corridor_pit, uniq_rupert
D:13:     layout_roguey, serial_shops, nicolae_shop_statue_plus
D:14:     layout_roguey, david_vaults_4, dk_noncrumbling_2,
          ploomutoo_gammafunk_ghost_potion_laboratory
D:15:     gammafunk_enter_depths_forms, layout_stronghold, bloody_trog,
          uniq_azrael
Temple:   oiseaux_autumnal_temple
Lair:1:   layout_gridlike, grunt_megastairs_1
Lair:2:   layout_chaotic_city, serial_rivers, chequers_serial_rivers_small_a,
          chequers_serial_rivers_micro_c, chequers_serial_rivers_micro_a,
          chequers_serial_rivers_micro_b, chequers_serial_rivers_small_b,
          beast_lair_carwin_4
Lair:3:   layout_roguey, minmay_swamp_entry_eels,
          nicolae_spider_entry_non_spiders
Lair:4:   layout_roguey, serial_bayou_crossing
Lair:5:   evilmike_catoblepas_cave, layout_cave_pods,
          nicolae_slime_entry_field_trip, gauntlet_entry_generic,
          eino_house_with_fridge, serial_bayou_shore_a,
          infiniplex_staircase_pool_2
Spider:1: nicolae_spider_corner, drop_trap, guppyfry_hornet_nest
Orc:1:    emtedronai_trogs_sanctum, layout_caves, serial_shops, shop, shop,
          shop, nicolae_shop_advertising_works [nicolae_subvault_shop_adworks],
          shop, uniq_josephine
Orc:2:    st_orc_rangers, layout_caves, nicolae_specific_store

Skill      XL: |  1  2  3  4  5  6  7  8  9 10 11 12 13 14 15 |
---------------+----------------------------------------------+-----
Earth Magic    | 4 5 7 9 10 12 13 15 16 17 18 | 18.7
Spellcasting   | 3 5 7 9 10 11 12 14 15 | 15.8
Dodging        | 2 3 4 5 6 7 |  7.9
Stealth        | 3 |  3.0
Conjurations   | 1 3 5 6 7 |  7.8
Fighting       | 1 2 4 5 6 8 |  8.1
Transmutations | 1 2 |  2.0
Short Blades   | 1 2 4 5 |  5.6
Air Magic      | 1 |  1.7
Poison Magic   | 1 2 |  2.3
Shields        | 3 |  3.4
Fire Magic     | 1 |  1.4
Staves         | |  0.6

Action                     |  1- 3 |  4- 6 |  7- 9 | 10-12 | 13-15 | 16-18 || total
---------------------------+-------+-------+-------+-------+-------+-------++-------
  Melee: Unarmed           |    12 |       |       |       |       |       ||    12
         Dagger            |     7 |    16 |       |    96 |   431 |    18 ||   568
         Staff             |       |       |       |    11 |       |       ||    11
   Cast: Sandblast         |    47 |    99 |    74 |   261 |   350 |       ||   831
         Stone Arrow       |       |     4 |    17 |    85 |    16 |     1 ||   123
         Petrify           |       |       |       |     7 |     4 |       ||    11
         Mephitic Cloud    |       |       |       |    12 |    83 |       ||    95
         Sticky Flame      |       |       |       |     1 |    47 |     6 ||    54
         Iron Shot         |       |       |       |       |    68 |     4 ||    72
         Lee's Rapid Decon |       |       |       |       |    65 |       ||    65
         Ignite Poison     |       |       |       |       |     7 |       ||     7
         Borgnjor's Vile C |       |       |       |       |     6 |     1 ||     7
    Use: Scroll            |       |     7 |     3 |     8 |    15 |       ||    33
         Potion            |       |     3 |       |     1 |     3 |       ||     7
   Stab: Petrified         |       |       |       |     8 |    11 |       ||    19
         Confused          |       |       |       |     7 |    50 |       ||    57
         Petrifying        |       |       |       |       |     1 |       ||     1
         Sleeping          |       |       |       |       |     1 |       ||     1
 Armour: Robe              |     7 |    16 |    16 |    69 |       |       ||   108
         Steam dragon scal |       |       |       |    53 |   251 |    36 ||   340
  Dodge: Dodged            |    23 |    31 |    52 |   247 |   708 |    82 ||  1143
  Block: Buckler           |       |       |       |    14 |   188 |    17 ||   219

Table legend: (Time is in decaauts)
 A = Elapsed time spent in this place.
 B = Non-inter-level travel time spent in this place.
 C = Inter-level travel time spent in this place.
 D = Time resting spent in this place.
 E = Time spent auto-exploring this place.
 F = Levels seen in this place.
 G = Mean time per level.
                   A        B        C        D        E       F      G
               +--------+--------+--------+--------+--------+-----+--------+
         Total |  27966 |  25376 |   2590 |   3009 |  17900 |  24 | 1165.2 |
       Dungeon |  18904 |  16924 |   1980 |   1674 |  12601 |  15 | 1260.3 |
        Temple |    326 |    299 |     27 |      0 |    274 |   1 |  326.0 |
          Lair |   6904 |   6382 |    522 |    970 |   4118 |   5 | 1380.8 |
   Spider Nest |     10 |     10 |      0 |      0 |      0 |   1 |   10.0 |
  Orcish Mines |   1819 |   1760 |     59 |    365 |    906 |   2 |  909.5 |
               +--------+--------+--------+--------+--------+-----+--------+

Top non-repeatable levels by time:
     D:6: 1736 daAuts
    D:10: 1702 daAuts
    D:15: 1599 daAuts
  Lair:5: 1484 daAuts
  Lair:3: 1465 daAuts
     D:8: 1426 daAuts
     D:4: 1397 daAuts
     D:5: 1388 daAuts
  Lair:4: 1365 daAuts
  Lair:1: 1328 daAuts
     D:3: 1286 daAuts
  Lair:2: 1260 daAuts
     D:9: 1242 daAuts
    D:11: 1199 daAuts
     D:1: 1176 daAuts
